[Event "Titled Tuesday Blitz June 20 Early 2023"]
[White "Carlsen, Magnus"]
[Black "Toropov, Pavel"]
[WhiteFideId "1503014"]
[BlackFideId "24129178"]
[WhiteElo "2858"]
[BlackElo "2182"]
[Result "1-0"]
[Round "1"]
[TimeControl "180+2"]
[Date "2023.06.20"]
[WhiteClock "0:02:39"]
[BlackClock "0:01:16"]
[Board "1"]

1. e4 e6 2. d4 d5 3. Nc3 dxe4 4. Nxe4 Nd7 5. Nf3 Ngf6 6. Nxf6+ Nxf6 7. c3 Be7 8. g4 O-O 9. g5 Nd7 10. Bd3 b6 11. Be4 Rb8 12. Qc2 g6 13. h4 Bb7 14. Bxb7 Rxb7 15. h5 c5 16. hxg6 hxg6 17. Qe4 Kg7 18. Qxb7 1-0


[Site "https://www.chess.com"]

[Event "Titled Tuesday Blitz June 20 Early 2023"]
[White "Kuznetsova, Olga"]
[Black "Nakamura, Hikaru"]
[WhiteFideId "4191323"]
[BlackFideId "2016192"]
[WhiteElo "2134"]
[BlackElo "2874"]
[Result "0-1"]
[Round "1"]
[TimeControl "180+2"]
[Date "2023.06.20"]
[WhiteClock "0:01:16"]
[BlackClock "0:02:45"]
[Board "2"]

1. d4 Nf6 2. Nf3 g6 3. c4 Bg7 4. Nc3 O-O 5. e4 d6 6. h3 e5 7. dxe5 dxe5 8. Be3 c6 9. Be2 Qe7 10. O-O Rd8 11. Qc2 Na6 12. a3 Nc5 13. b4 Ne6 14. Rad1 Ne8 15. Rxd8 Qxd8 16. Rd1 Qe7 17. c5 a5 18. Bc4 axb4 19. axb4 h6 20. Ne2 N6c7 21. Qd2 Be6 22. Bxe6 Nxe6 23. Bxh6 Rd8 24. Qc1 Bxh6 0-1


[Site "https://www.chess.com"]

[Event "Titled Tuesday Blitz June 20 Early 2023"]
[White "Nihal Sarin"]
[Black "Berezin, Viktor"]
[WhiteFideId "25092340"]
[BlackFideId "14107872"]
[WhiteElo "2689"]
[BlackElo "2310"]
[Result "1-0"]
[Round "1"]
[TimeControl "180+2"]
[Date "2023.06.20"]
[WhiteClock "0:00:30"]
[BlackClock "0:00:01"]
[Board "3"]

1. e4 g6 2. d4 Bg7 3. Nc3 d6 4. Be3 c6 5. h4 h5 6. Nf3 Nd7 7. Ng5 b5 8. a4 b4 9. Bc4 e6 10. Ne2 d5 11. Bd3 dxe4 12. Bxe4 Bb7 13. Nf4 Ngf6 14. Nfxe6 Qa5 15. Nxg7+ Kf8 16. N7e6+ fxe6 17. Bxg6 Ke7 18. O-O Rhg8 19. Bf7 Rxg5 20. hxg5 Kxf7 21. gxf6 Nxf6 22. Qf3 Rg8 23. Bf4 Qf5 24. Rfe1 Rg4 25. g3 Nd5 26. Re5 Qxf4 27. Qxf4+ Nxf4 28. Rae1 Rg6 29. Kh2 Nd5 30. Rxh5 Nf6 31. Rh4 Rg5 32. f3 c5 33. Kg2 c4 34. Re5 Rg6 35. Rb5 Bd5 36. Rxb4 Ng4 37. c3 Ne3+ 38. Kf2 Nc2 39. Rb8 Ke7 40. Rh7+ Kd6 41. Rxa7 Rf6 42. Rb6+ Bc6 43. Raa6 Rxf3+ 44. Ke2 Rxg3 45. Rxc6+ Kd5 46. Rc5+ Ke4 47. Rxe6+ Kf4 48. Rf6+ Kg4 49. Rg6+ 1-0


[Site "https://www.chess.com"]

[Event "Titled Tuesday Blitz June 20 Early 2023"]
[White "Siniauski, Artsiom"]
[Black "Vachier-Lagrave, Maxime"]
[WhiteFideId "13512269"]
[BlackFideId "623539"]
[WhiteElo "2065"]
[BlackElo "2739"]
[Result "0-1"]
[Round "1"]
[TimeControl "180+2"]
[Date "2023.06.20"]
[WhiteClock "0:00:01"]
[BlackClock "0:00:15"]
[Board "4"]

1. e4 c6 2. d4 d5 3. e5 Bf5 4. h4 h5 5. c4 e6 6. Nc3 Ne7 7. Nge2 dxc4 8. Ng3 Bg6 9. Bxc4 Nd7 10. Bg5 Qa5 11. O-O Nb6 12. Be2 Ned5 13. Nce4 Nd7 14. Re1 f6 15. exf6 gxf6 16. Bd2 Qb6 17. Bxh5 Bxh5 18. Nxh5 Qxd4 19. Qg4 O-O-O 20. Nd6+ Bxd6 21. Qxd4 Rxh5 22. Rxe6 Be5 23. Qxa7 Rxh4 24. Rc1 Rdh8 25. Rcxc6+ bxc6 26. Rxc6+ Kd8 27. Kf1 Re4 28. g3 Rh1+ 29. Kg2 Rd1 30. Ba5+ Ke7 31. Qb7 Re2 32. Rc4 Rxb2 33. Qc6 Ne3+ 34. Kf3 Nxc4 35. Qxc4 Rd4 36. Qc1 Rxa2 37. Bc3 Rd3+ 38. Ke4 Rxc3 39. Qh6 Rxf2 40. Qh7+ Kd6 41. g4 Nc5# 0-1


[Site "https://www.chess.com"]

[Event "Titled Tuesday Blitz June 20 Early 2023"]
[White "Kollars, Dmitrij"]
[Black "brm72"]
[WhiteFideId "12909572"]
[WhiteElo "2584"]
[BlackElo "2521"]
[Result "0-1"]
[Round "1"]
[TimeControl "180+2"]
[Date "2023.06.20"]
[WhiteClock "0:00:04"]
[BlackClock "0:00:16"]
[Board "5"]

1. e4 c6 2. d3 d5 3. Nf3 Bg4 4. h3 Bh5 5. g4 Bg6 6. h4 h6 7. h5 Bh7 8. g5 dxe4 9. g6 fxg6 10. hxg6 Bxg6 11. Nh4 Bf7 12. Nc3 Nf6 13. Be3 e5 14. Qd2 Nbd7 15. O-O-O Qa5 16. dxe4 O-O-O 17. Bd3 Bb4 18. Qe1 Bxa2 19. Kd2 Nxe4+ 20. Bxe4 Nf6+ 21. Bd3 e4 22. Ke2 exd3+ 23. cxd3 Bb3 24. Ra1 Qh5+ 25. Nf3 Qf5 26. Qb1 Rhe8 27. Rxa7 Ng4 28. d4 Bc2 29. Qa1 Qd3+ 30. Ke1 Rxe3+ 31. fxe3 Qxe3+ 32. Kf1 Qf2# 0-1


[Site "https://www.chess.com"]

[Event "Titled Tuesday Blitz June 20 Early 2023"]
[White "chess123456s"]
[Black "Kramnik, Vladimir"]
[BlackFideId "4101588"]
[WhiteElo "2521"]
[BlackElo "2703"]
[Result "1-0"]
[Round "1"]
[TimeControl "180+2"]
[Date "2023.06.20"]
[WhiteClock "0:00:22"]
[BlackClock "0:00:01"]
[Board "6"]

1. e4 c5 2. Nf3 e6 3. g3 Nc6 4. Bg2 Nf6 5. Nc3 Be7 6. O-O d6 7. d3 O-O 8. Ng5 Nd7 9. f4 Bxg5 10. fxg5 Nde5 11. Be3 b6 12. Qd2 Ba6 13. Rf4 Rc8 14. Raf1 Nd4 15. Ne2 Nxc2 16. Qxc2 Nxd3 17. R4f3 Ne5 18. R3f2 Ng4 19. Rf3 Nxe3 20. Rxe3 Qxg5 21. Ref3 Qe7 22. R1f2 Bxe2 23. Qxe2 c4 24. Rf4 Rc5 25. Qg4 b5 26. Bh3 Re5 27. Qd1 h5 28. Bg2 b4 29. Qd4 Rc5 30. Qd1 a5 31. Bf3 g6 32. Be2 c3 33. bxc3 Rxc3 34. Bxh5 Qc7 35. Qe2 Rc1+ 36. Kg2 Qc4 37. Qxc4 Rxc4 38. Bxg6 Rc7 39. Bh5 Kg7 40. Bg4 Rb8 41. Bh5 a4 42. Rxf7+ Rxf7 43. Rxf7+ Kh6 44. Bd1 b3 45. axb3 axb3 46. Bxb3 Rxb3 47. Rf6+ Kg7 48. Rxe6 Rb2+ 49. Kf3 Rd2 50. h4 Kf7 51. Rh6 Kg7 52. Rh5 Rd3+ 53. Kf4 Rd1 54. Rd5 Rf1+ 55. Kg4 Rf6 56. Rg5+ Kh6 57. Rf5 Re6 58. Kf4 Kg6 59. g4 Re8 60. h5+ Kg7 61. Rd5 Rf8+ 62. Ke3 Rf6 63. g5 Re6 64. Kf4 Kh7 65. Kf5 Re7 66. Rxd6 Ra7 67. e5 1-0


[Site "https://www.chess.com"]

[Event "Titled Tuesday Blitz June 20 Early 2023"]
[White "Martinez Alcantara, Jose Eduardo"]
[Black "iAspet"]
[WhiteFideId "3805662"]
[WhiteElo "2711"]
[BlackElo "2521"]
[Result "1-0"]
[Round "1"]
[TimeControl "180+2"]
[Date "2023.06.20"]
[WhiteClock "0:01:12"]
[BlackClock "0:00:07"]
[Board "7"]

1. e4 c5 2. Nf3 d6 3. c3 Nf6 4. h3 Nc6 5. Bd3 g6 6. Bc2 Bg7 7. d4 O-O 8. dxc5 dxc5 9. Qe2 Nd7 10. Be3 b6 11. Nbd2 Bb7 12. O-O Qc7 13. a4 a6 14. Rfd1 Rfd8 15. Bg5 Nde5 16. Qe3 Na5 17. Nxe5 Bxe5 18. Nf3 Bg7 19. Bf4 Qc6 20. Qe2 Qe6 21. Rxd8+ Rxd8 22. Rd1 Rxd1+ 23. Qxd1 h6 24. Qd8+ Kh7 25. Nd2 c4 26. Be3 Nb3 27. Bxb3 cxb3 28. Qxb6 Qd7 29. Qxb3 Bc6 30. Qxf7 Bxa4 31. Nf3 Qd1+ 32. Kh2 Bc6 33. Bd4 e5 34. Bxe5 Qd7 35. Qxd7 Bxd7 36. Bxg7 Kxg7 37. Nd4 Kf6 38. f4 g5 39. e5+ 1-0


[Site "https://www.chess.com"]

[Event "Titled Tuesday Blitz June 20 Early 2023"]
[White "Escanor89"]
[Black "Sadhwani, Raunak"]
[BlackFideId "35093487"]
[WhiteElo "2520"]
[BlackElo "2631"]
[Result "0-1"]
[Round "1"]
[TimeControl "180+2"]
[Date "2023.06.20"]
[WhiteClock "0:00:00"]
[BlackClock "0:00:57"]
[Board "8"]

1. c4 Nf6 2. Nc3 g6 3. e4 d6 4. d4 Bg7 5. h3 O-O 6. Be3 Na6 7. g4 c5 8. Nge2 cxd4 9. Nxd4 Nc5 10. Bg2 Bd7 11. O-O Rc8 12. Rc1 a6 13. b3 b5 14. g5 Nh5 15. cxb5 axb5 16. Ncxb5 Ne6 17. Qd2 Bxb5 18. Nxb5 Be5 19. a4 Nhf4 20. h4 Qd7 21. f3 h6 22. gxh6 Kh7 23. Rfd1 Rg8 24. Kf1 g5 25. Rxc8 Qxc8 26. Rc1 Qd7 27. Nd4 Bxd4 28. Bxd4 Nxd4 29. Qxd4 gxh4 30. Rc2 Qe6 31. e5 dxe5 32. Qf2 Qa6+ 0-1


[Site "https://www.chess.com"]

[Event "Titled Tuesday Blitz June 20 Early 2023"]
[White "Lazavik, Denis"]
[Black "Zaragatski, Ilja"]
[WhiteFideId "13515110"]
[BlackFideId "4655192"]
[WhiteElo "2560"]
[BlackElo "2460"]
[Result "1-0"]
[Round "1"]
[TimeControl "180+2"]
[Date "2023.06.20"]
[WhiteClock "0:00:10"]
[BlackClock "0:00:00"]
[Board "9"]

1. d4 Nf6 2. c4 c5 3. d5 b5 4. cxb5 a6 5. e3 axb5 6. Bxb5 Qa5+ 7. Nc3 Bb7 8. Bd2 Qb6 9. a4 Nxd5 10. Nf3 e6 11. O-O Be7 12. e4 Nb4 13. Bf4 O-O 14. Bxb8 Rfxb8 15. Qxd7 Qd8 16. Rfd1 Qxd7 17. Rxd7 Bf6 18. Rad1 g6 19. e5 Bxf3 20. gxf3 Bxe5 21. Ne4 Bd4 22. Ng5 Rd8 23. b3 Rxd7 24. Bxd7 Nd5 25. Kf1 Rb8 26. a5 Rxb3 27. Nxe6 fxe6 28. Bxe6+ Kg7 29. Bxd5 Ra3 30. Rb1 Rxa5 31. Rb7+ Kf6 32. f4 Kf5 33. Rf7+ Kg4 34. Kg2 h6 35. Be6+ Kh4 36. Rh7 h5 37. Rh6 Rb5 38. Rxg6 Rb2 39. Kf3 Rxf2+ 40. Ke4 Rxh2 41. f5 Re2+ 42. Kd5 Rf2 43. Kd6 Kh3 44. f6+ Kh2 45. f7 h4 46. Rg8 h3 47. f8=Q Rxf8 48. Rxf8 Kg2 49. Rg8+ Kh2 50. Kd5 1-0


[Site "https://www.chess.com"]

[Event "Titled Tuesday Blitz June 20 Early 2023"]
[White "Di Nicolantonio, Lucas"]
[Black "Bluebaum, Matthias"]
[WhiteFideId "680460"]
[BlackFideId "24651516"]
[WhiteElo "2358"]
[BlackElo "2639"]
[Result "0-1"]
[Round "1"]
[TimeControl "180+2"]
[Date "2023.06.20"]
[WhiteClock "0:01:48"]
[BlackClock "0:02:26"]
[Board "10"]

1. Nf3 d5 2. e3 Nf6 3. c4 e6 4. Nc3 Bd6 5. d4 O-O 6. Be2 dxc4 7. Bxc4 Nc6 8. O-O e5 9. dxe5 Nxe5 10. Be2 c6 11. h3 Nxf3+ 12. Bxf3 Qe7 13. Qd4 Rd8 14. Qh4 Qe5 15. g3 g5 16. Qh6 Bf8 0-1


[Site "https://www.chess.com"]

[Event "Titled Tuesday Blitz June 20 Early 2023"]
[White "Grischuk, Alexander"]
[Black "MaryanKyrychenko"]
[WhiteFideId "4126025"]
[WhiteElo "2721"]
[BlackElo "2517"]
[Result "1-0"]
[Round "1"]
[TimeControl "180+2"]
[Date "2023.06.20"]
[WhiteClock "0:00:17"]
[BlackClock "0:00:32"]
[Board "11"]

1. Nf3 d5 2. g3 c5 3. Bg2 Nc6 4. d4 Nf6 5. O-O Bf5 6. c4 e6 7. cxd5 exd5 8. Nc3 h6 9. Be3 c4 10. Ne5 Be7 11. b3 Qa5 12. Bd2 Bb4 13. Qe1 Nxd4 14. a3 Nxb3 15. axb4 Qxa1 16. Qxa1 Nxa1 17. Rxa1 O-O 18. Be3 Rfe8 19. Bd4 b6 20. e3 a5 21. Nxd5 axb4 22. Nxf6+ gxf6 23. Rxa8 Rxa8 24. Bxa8 fxe5 25. Bxe5 c3 26. f3 Bd3 27. Kf2 b5 28. e4 Kf8 29. Bd6+ Ke8 30. Bxb4 c2 31. Ba3 Kd7 32. Ke3 b4 33. Bb2 Bc4 34. Kd4 Be2 35. f4 Kd6 36. Bd5 f6 37. e5+ fxe5+ 38. fxe5+ Ke7 39. Kc5 1-0


[Site "https://www.chess.com"]

[Event "Titled Tuesday Blitz June 20 Early 2023"]
[White "Mathieu, Phileas"]
[Black "Paravyan, David"]
[WhiteFideId "36048410"]
[BlackFideId "4194985"]
[WhiteElo "2240"]
[BlackElo "2563"]
[Result "0-1"]
[Round "1"]
[TimeControl "180+2"]
[Date "2023.06.20"]
[WhiteClock "0:00:10"]
[BlackClock "0:00:42"]
[Board "12"]

1. e4 e5 2. Nf3 Nf6 3. Nc3 Nc6 4. h3 d5 5. exd5 Nxd5 6. Bb5 Nxc3 7. bxc3 Bd6 8. O-O O-O 9. d4 Bd7 10. Re1 Nxd4 11. Nxd4 exd4 12. Bxd7 Qxd7 13. cxd4 Rae8 14. Be3 b5 15. c3 Qc6 16. Qb3 Re4 17. a4 a6 18. axb5 axb5 19. f3 Re7 20. d5 Qd7 21. Bf2 Rxe1+ 22. Rxe1 Re8 23. Rb1 Ra8 24. c4 bxc4 25. Qxc4 h6 26. Qe4 Re8 27. Qc4 Qf5 28. Re1 Rxe1+ 29. Bxe1 Qe5 30. Bc3 Qe3+ 31. Kf1 Qc1+ 32. Kf2 Qc2+ 33. Ke3 Be5 34. d6 Bxc3 35. dxc7 Bd2+ 36. Kd4 Be3+ 37. Kd5 Qf5+ 38. Kc6 Bf4 39. Qxf4 Qxf4 40. c8=Q+ Kh7 41. Qg4 Qc1+ 42. Kd5 g6 43. Kd4 Qd2+ 44. Kc4 Qc2+ 45. Kd4 Qd2+ 46. Kc4 h5 47. Qg3 Qe3 48. h4 Kg7 49. Qg5 Qe2+ 50. Kd4 Qf2+ 51. Kd3 f6 52. Qf4 Qf1+ 53. Ke4 Qc4+ 54. Ke3 Qc1+ 55. Ke4 f5+ 56. Kd4 Qxf4+ 0-1


[Site "https://www.chess.com"]

[Event "Titled Tuesday Blitz June 20 Early 2023"]
[White "Pranav, V"]
[Black "Liu, Casper"]
[WhiteFideId "25060783"]
[BlackFideId "1454153"]
[WhiteElo "2533"]
[BlackElo "2221"]
[Result "1-0"]
[Round "1"]
[TimeControl "180+2"]
[Date "2023.06.20"]
[WhiteClock "0:01:10"]
[BlackClock "0:01:30"]
[Board "13"]

1. c4 Nc6 2. Nc3 e5 3. g3 f5 4. Bg2 Nf6 5. d3 Bc5 6. Nf3 O-O 7. O-O d6 8. a3 a5 9. Rb1 Qe8 10. Na4 Qh5 11. e3 f4 12. Nxc5 dxc5 13. exf4 Bh3 14. Nxe5 Ng4 15. Bxh3 Ncxe5 16. Kg2 Qg6 17. fxe5 Qc6+ 18. f3 Nxe5 19. Bf4 Rae8 20. Bxe5 Rxe5 21. Qd2 h5 22. Rbe1 Rfe8 23. Re4 g5 24. Kg1 g4 25. Bg2 Rxe4 26. fxe4 Qd6 27. Qg5+ 1-0


[Site "https://www.chess.com"]

[Event "Titled Tuesday Blitz June 20 Early 2023"]
[White "Arpita, Mukherjee"]
[Black "Korobov, Anton"]
[WhiteFideId "5056403"]
[BlackFideId "14105730"]
[WhiteElo "2129"]
[BlackElo "2638"]
[Result "0-1"]
[Round "1"]
[TimeControl "180+2"]
[Date "2023.06.20"]
[WhiteClock "0:00:00"]
[BlackClock "0:00:21"]
[Board "14"]

1. e4 c5 2. Nf3 d6 3. Bb5+ Nd7 4. d4 cxd4 5. Qxd4 a6 6. Bxd7+ Bxd7 7. c4 e5 8. Qd3 b5 9. Nc3 bxc4 10. Qxc4 Qc8 11. Qd3 h6 12. O-O Nf6 13. b3 Qb7 14. Rd1 Be7 15. Ba3 Rd8 16. Rac1 O-O 17. Nxe5 Be6 18. Nf3 d5 19. Bxe7 Qxe7 20. e5 Nh5 21. Qxa6 Nf4 22. g3 Nh3+ 23. Kg2 Bg4 24. Rxd5 Bxf3+ 25. Kxf3 Qg5 26. Rf1 Rc8 27. Qd3 Rfe8 28. e6 Qf6+ 29. Qf5 Rxc3+ 30. Kg2 Qxf5 31. Rxf5 fxe6 32. Re5 Ng5 33. f4 Nf7 34. Re2 Nd6 35. Rfe1 Kf7 36. Rb2 Nf5 37. Ree2 Ne3+ 38. Kh3 g5 39. a4 Kg6 40. a5 g4+ 41. Kh4 h5 42. Rxe3 Rxe3 43. Rc2 Rxb3 44. Rc6 Rb5 45. f5+ Rxf5 46. Rc7 Rf2 47. h3 Rh2 0-1


[Site "https://www.chess.com"]

[Event "Titled Tuesday Blitz June 20 Early 2023"]
[White "Oparin, Grigoriy"]
[Black "Richter, Paul"]
[WhiteFideId "24125890"]
[BlackFideId "2046350"]
[WhiteElo "2647"]
[BlackElo "2515"]
[Result "1/2-1/2"]
[Round "1"]
[TimeControl "180+2"]
[Date "2023.06.20"]
[WhiteClock "0:00:13"]
[BlackClock "0:00:08"]
[Board "15"]

1. e4 c5 2. Nf3 d6 3. Bb5+ Nc6 4. O-O Bd7 5. Re1 Nf6 6. c3 a6 7. Bf1 Bg4 8. h3 Bxf3 9. Qxf3 g6 10. d3 Bg7 11. Bf4 Nd7 12. Nd2 O-O 13. Rad1 b5 14. Qe3 b4 15. d4 cxd4 16. cxd4 Nxd4 17. Rc1 Nb5 18. Nc4 Ne5 19. Qd2 Nxc4 20. Bxc4 Qa5 21. a3 Rac8 22. axb4 Qb6 23. b3 Rfd8 24. h4 e6 25. h5 d5 26. exd5 exd5 27. Bxb5 Rxc1 28. Rxc1 Qxb5 29. h6 Bf8 30. Bg5 Re8 31. Rd1 Bxb4 32. Qd4 Bf8 33. Be3 Qxb3 34. Rc1 a5 35. Rc3 Qb1+ 36. Kh2 Qe4 37. Qxe4 dxe4 38. Rc4 Ra8 39. Ra4 f5 40. Kh3 Kf7 41. g4 Ke6 42. Bd2 Bd6 43. Kg2 Bc7 44. f3 Kd5 45. fxe4+ fxe4 46. Kf2 Bb6+ 47. Ke2 Ra7 48. Be1 e3 49. Kd3 Kc6 50. Bc3 Kb5 51. Re4 a4 52. Re5+ Ka6 53. Re6 Rb7 54. Re4 Rd7+ 55. Kc2 Kb5 56. Rb4+ Kc6 57. Rxa4 Re7 58. Be1 e2 59. Rc4+ Kd5 60. Rc8 Bc5 61. Kd3 Rf7 62. Rd8+ Ke6 63. Re8+ Be7 64. Kxe2 Kd7 65. Rh8 Bg5 66. Bd2 Bxd2 67. Kxd2 Ke6 68. Ke3 Kf6 69. Kf4 g5+ 70. Kg3 Kg6 71. Re8 Kxh6 72. Re6+ Kg7 73. Re5 Kg6 74. Rd5 Rf6 75. Rd7 h6 76. Rd8 Ra6 77. Rg8+ Kf7 78. Rc8 Kg7 1/2-1/2


[Site "https://www.chess.com"]

[Event "Titled Tuesday Blitz June 20 Early 2023"]
[White "Sviridov, Valery"]
[Black "Bilan, Danila"]
[WhiteFideId "4120680"]
[BlackFideId "24161918"]
[WhiteElo "2457"]
[BlackElo "2146"]
[Result "1-0"]
[Round "1"]
[TimeControl "180+2"]
[Date "2023.06.20"]
[WhiteClock "0:01:16"]
[BlackClock "0:00:00"]
[Board "17"]

1. d4 d5 2. Nf3 Nf6 3. c4 c6 4. Qc2 g6 5. Bf4 Bg7 6. e3 O-O 7. Nc3 Bf5 8. Qb3 b6 9. Rc1 Nh5 10. Bxb8 Rxb8 11. cxd5 cxd5 12. Qxd5 Nf6 13. Qxd8 Rfxd8 14. Ba6 Ne8 15. Nb5 Be4 16. Ke2 f6 17. Rhd1 e6 18. Nc7 Kf7 19. a4 Bf8 20. Nxe8 Rxe8 21. Rc7+ Re7 22. Rdc1 Re8 23. Bb5 Rd8 24. Rxe7+ Bxe7 25. Rc7 a5 26. Ne1 Kf8 27. f3 Bd5 28. Nd3 h5 29. h3 Kf7 30. Nf4 g5 31. Nxh5 Kg6 32. Rxe7 Kxh5 33. Rc7 Kg6 34. Bc6 Bb3 35. Bb5 Bd5 36. e4 Ba8 37. Ke3 f5 38. Rd7 Rc8 39. Rd6 Kf7 40. Rxb6 Rc1 41. Ra6 Bb7 42. Ra7 Rc7 43. Ba6 f4+ 44. Kd2 1-0


[Site "https://www.chess.com"]

[Event "Titled Tuesday Blitz June 20 Early 2023"]
[White "Goffredo_Fofi"]
[Black "Puranik, Abhimanyu"]
[BlackFideId "5061245"]
[WhiteElo "2511"]
[BlackElo "2460"]
[Result "0-1"]
[Round "1"]
[TimeControl "180+2"]
[Date "2023.06.20"]
[WhiteClock "0:00:15"]
[BlackClock "0:00:20"]
[Board "18"]

1. Nf3 Nf6 2. d4 b6 3. Bf4 Bb7 4. e3 e6 5. Nbd2 c5 6. c3 Be7 7. h3 Nc6 8. Bd3 O-O 9. O-O Rc8 10. Re1 d6 11. e4 cxd4 12. cxd4 e5 13. Be3 exd4 14. Nxd4 Ne5 15. Bb1 Re8 16. Nf5 Bf8 17. Bg5 h6 18. Bh4 g6 19. Ne3 Bg7 20. f4 Ned7 21. Ndc4 Bf8 22. e5 dxe5 23. fxe5 b5 24. Nd6 Bxd6 25. Qxd6 Rxe5 26. Bxf6 Qxf6 27. Qxd7 Rxe3 28. Rf1 Qe7 29. Qd4 Re2 30. Rf2 Rc1+ 31. Kh2 Qc7+ 0-1


[Site "https://www.chess.com"]

[Event "Titled Tuesday Blitz June 20 Early 2023"]
[White "Terry, Renato"]
[Black "Garcia, Erick"]
[WhiteFideId "3803457"]
[BlackFideId "2058880"]
[WhiteElo "2575"]
[BlackElo "2202"]
[Result "1-0"]
[Round "1"]
[TimeControl "180+2"]
[Date "2023.06.20"]
[WhiteClock "0:00:31"]
[BlackClock "0:01:03"]
[Board "19"]

1. d4 Nf6 2. Nf3 d5 3. c4 e6 4. Nc3 c5 5. dxc5 Bxc5 6. e3 Nc6 7. a3 O-O 8. b4 Be7 9. Bb2 dxc4 10. Qc2 a6 11. Bxc4 b5 12. Bd3 Bb7 13. Rd1 Qb6 14. O-O Rac8 15. Qb1 Rfd8 16. Ne4 Nxe4 17. Bxe4 h6 18. Qa1 Bf8 19. h3 a5 20. bxa5 Nxa5 21. Bd4 Qa6 22. Bxb7 Qxb7 23. Rb1 Qd5 24. Bb6 Nc4 25. Bxd8 Qxd8 26. Rxb5 Nxa3 27. Rb7 Nc4 28. Rd1 Qa5 29. Qxa5 Nxa5 30. Ra7 Nc6 31. Rad7 Nb4 32. Rd8 Rxd8 33. Rxd8 Nc6 34. Rc8 Ne7 35. Ra8 Ng6 36. Nd4 Kh7 37. Ra7 Kg8 38. Nc6 Bd6 39. Kf1 Ne5 40. Nxe5 Bxe5 41. Ke2 h5 42. f4 Bf6 43. g4 hxg4 44. hxg4 g5 45. Kf3 Kg7 46. Ke4 Kg6 47. Ra6 Kg7 48. f5 exf5+ 49. Kxf5 Bd8 50. e4 Be7 51. e5 Bd8 52. Ra8 Bc7 53. Rc8 1-0


[Site "https://www.chess.com"]

[Event "Titled Tuesday Blitz June 20 Early 2023"]
[White "Plotnikov, Pavel"]
[Black "Narayanan.S.L"]
[WhiteFideId "4170342"]
[BlackFideId "5058422"]
[WhiteElo "2298"]
[BlackElo "2563"]
[Result "1-0"]
[Round "1"]
[TimeControl "180+2"]
[Date "2023.06.20"]
[WhiteClock "0:00:30"]
[BlackClock "0:00:22"]
[Board "20"]

1. e4 c6 2. d4 d5 3. exd5 cxd5 4. Bd3 Nc6 5. c3 Nf6 6. Bf4 g6 7. Nd2 Bg7 8. Ngf3 Nh5 9. Be3 Qc7 10. O-O Nf4 11. Bxf4 Qxf4 12. Re1 O-O 13. Qe2 Qd6 14. h3 e6 15. a4 Bd7 16. a5 Qc7 17. Nb3 b6 18. Bb5 Rfb8 19. a6 Re8 20. Bxc6 Bxc6 21. Ne5 Rac8 22. f4 f6 23. Nxc6 Qxc6 24. Nc1 e5 25. fxe5 fxe5 26. dxe5 Rxe5 27. Qf2 Rxe1+ 28. Qxe1 d4 29. Na2 dxc3 30. Nxc3 Bxc3 31. bxc3 Qxc3 32. Qe6+ Kh8 33. Rf1 b5 34. Qd7 Qc5+ 35. Kh1 Rc7 36. Qd8+ Kg7 37. Qf6+ Kh6 38. Rf4 Qc1+ 39. Kh2 Rc5 40. Qf8+ Kh5 41. g4+ Kg5 42. h4+ Kxh4 43. Qh6+ 1-0


[Site "https://www.chess.com"]

[Event "Titled Tuesday Blitz June 20 Early 2023"]
[White "Gordievsky, Dmitry"]
[Black "Droin, Augustin"]
[WhiteFideId "24112798"]
[BlackFideId "45105987"]
[WhiteElo "2546"]
[BlackElo "2333"]
[Result "1-0"]
[Round "1"]
[TimeControl "180+2"]
[Date "2023.06.20"]
[WhiteClock "0:00:43"]
[BlackClock "0:00:00"]
[Board "21"]

1. Nf3 Nf6 2. c4 e6 3. g3 d5 4. Bg2 d4 5. O-O Nc6 6. e3 e5 7. exd4 exd4 8. d3 Be7 9. Bf4 O-O 10. Ne5 Nxe5 11. Bxe5 c5 12. Nd2 Nd7 13. Nf3 f6 14. Bf4 g5 15. Bc1 Bd6 16. b4 Kg7 17. Bb2 Ne5 18. bxc5 Nxf3+ 19. Qxf3 Bxc5 20. Rfe1 Bd7 21. Qxb7 Rb8 22. Qd5 Bb4 23. Rec1 Bg4 24. Bxd4 Qxd5 25. Bxd5 Be2 26. Bxa7 Rbe8 27. Rab1 Bd2 28. Rc2 Bxd3 29. Rb7+ Kg6 30. Rxd2 Re1+ 31. Kg2 Bf1+ 32. Kf3 Bh3 33. Be3 h6 34. g4 1-0


[Site "https://www.chess.com"]

[Event "Titled Tuesday Blitz June 20 Early 2023"]
[White "Goltseva, Ekaterina"]
[Black "Tabatabaei, M. Amin"]
[WhiteFideId "24173770"]
[BlackFideId "12521213"]
[WhiteElo "2114"]
[BlackElo "2575"]
[Result "0-1"]
[Round "1"]
[TimeControl "180+2"]
[Date "2023.06.20"]
[WhiteClock "0:00:09"]
[BlackClock "0:00:36"]
[Board "22"]

1. Nf3 Nf6 2. e3 g6 3. b3 Bg7 4. Bb2 O-O 5. c4 d6 6. d4 e5 7. Be2 e4 8. Nfd2 Re8 9. Nc3 c5 10. d5 h5 11. Qc2 Qe7 12. h3 h4 13. g4 hxg3 14. fxg3 a6 15. a4 Nbd7 16. O-O-O Bh6 17. Nf1 Ne5 18. g4 b5 19. cxb5 axb5 20. Bxb5 Bd7 21. Nxe4 Nxe4 22. Qxe4 Bxb5 23. axb5 Ra2 24. Bxe5 Qa7 25. Rh2 Rxh2 26. Nxh2 Rxe5 27. Qc2 Rxe3 28. Kb1 Bg7 29. Qa2 Qe7 30. Nf1 Qe4+ 31. Qc2 Rxb3+ 32. Kc1 Rc3 33. b6 Qxc2# 0-1


[Site "https://www.chess.com"]

[Event "Titled Tuesday Blitz June 20 Early 2023"]
[White "Andreikin, Dmitry"]
[Black "Hnydiuk, Aleksander"]
[WhiteFideId "4158814"]
[BlackFideId "1109057"]
[WhiteElo "2736"]
[BlackElo "2374"]
[Result "1/2-1/2"]
[Round "1"]
[TimeControl "180+2"]
[Date "2023.06.20"]
[WhiteClock "0:01:11"]
[BlackClock "0:00:03"]
[Board "23"]

1. d4 Nf6 2. c4 e6 3. Nc3 Bb4 4. e3 O-O 5. Nf3 c5 6. Bd3 d5 7. O-O dxc4 8. Bxc4 Nc6 9. a3 Ba5 10. h3 Qe7 11. Qe2 Rd8 12. Rd1 Bd7 13. Bd2 cxd4 14. exd4 h6 15. Bd3 Be8 16. Be3 Rac8 17. Rac1 Qd6 18. Bb1 a6 19. Qd3 Ne7 20. Ne4 Nxe4 21. Qxe4 Nf5 22. Bf4 Rxc1 23. Rxc1 Qd5 24. Qxd5 Rxd5 25. Be4 Nxd4 26. Bxd5 Ne2+ 27. Kh2 Nxc1 28. Bxb7 Nd3 29. Be3 Nxb2 30. Bxa6 Ba4 31. Bd4 Nd1 32. Kg3 Nc3 33. Ne5 Nb5 34. Be3 Nxa3 35. Bc5 Bb5 36. Bc8 Nc4 37. Ng4 Bc7+ 38. f4 Bc6 39. Ba6 Bd5 1/2-1/2


[Site "https://www.chess.com"]

[Event "Titled Tuesday Blitz June 20 Early 2023"]
[White "Camilla_Lee"]
[Black "Svane, Rasmus"]
[BlackFideId "4657101"]
[WhiteElo "2508"]
[BlackElo "2601"]
[Result "0-1"]
[Round "1"]
[TimeControl "180+2"]
[Date "2023.06.20"]
[WhiteClock "0:01:47"]
[BlackClock "0:02:23"]
[Board "24"]

1. e4 c6 2. d4 d5 3. Nc3 dxe4 4. Nxe4 Nf6 5. Ng5 h6 6. Nxf7 Kxf7 7. Nf3 Be6 8. Ne5+ Kg8 9. Bd3 Nbd7 10. Ng6 Bf7 11. Nxh8 Kxh8 12. Qe2 e5 13. dxe5 Qa5+ 14. Bd2 Qxe5 15. O-O-O Bxa2 16. Qxe5 Nxe5 17. Bf5 Bd5 18. f3 Nc4 19. Bc3 Ne3 20. Bd3 Nxd1 21. Kxd1 Rd8 22. Ke2 Bc5 23. Ra1 Kg8 24. b4 Bb6 25. b5 Kf7 26. bxc6 Bxc6 27. Bc4+ Bd5 28. Bd3 Be6 29. g4 Nd5 30. Bd2 g5 31. Ra4 Re8 32. Kf1 Ne3+ 33. Ke2 Nxc2 34. Bxc2 Bb3+ 35. Kd3 Rd8+ 36. Kc3 Bxa4 0-1


[Site "https://www.chess.com"]

[Event "Titled Tuesday Blitz June 20 Early 2023"]
[White "Makarian, Rudik"]
[Black "Czerw, Dawid"]
[WhiteFideId "44105681"]
[BlackFideId "1145746"]
[WhiteElo "2451"]
[BlackElo "2144"]
[Result "1-0"]
[Round "1"]
[TimeControl "180+2"]
[Date "2023.06.20"]
[WhiteClock "0:00:21"]
[BlackClock "0:00:00"]
[Board "25"]

1. d4 d5 2. c4 c6 3. Nf3 Nf6 4. Nc3 e6 5. g3 Nbd7 6. Bg2 Be7 7. O-O O-O 8. Qd3 b6 9. e4 Ba6 10. b3 Rc8 11. Rd1 Qc7 12. Bf4 Qb7 13. e5 Ne8 14. Bg5 Nb8 15. h4 h6 16. Bf4 Nc7 17. g4 b5 18. cxb5 cxb5 19. Qe3 b4 20. Ne2 Rfd8 21. Ng3 Bf8 22. g5 hxg5 23. Bxg5 Rd7 24. h5 Ne8 25. h6 Rc3 26. Qf4 Nc6 27. hxg7 Nxg7 28. Bf6 Ne7 29. Qh6 Bd3 30. Rxd3 Rxd3 31. Ng5 1-0


[Site "https://www.chess.com"]